 Dungeon Crawl Stone Soup version 0.23.2-1-ga50397a6bc (webtiles) character file.

Game seed: 661264918456229718

81 Acheron the Ducker (level 4, -4/33 HPs)
             Began as a Demonspawn Gladiator on Apr 24, 2019.
             Slain by a quokka (5 damage)
             ... on level 2 of the Dungeon.
             The game lasted 00:05:39 (1610 turns).

Acheron the Ducker (Demonspawn Gladiator)           Turns: 1610, Time: 00:05:40

Health: -4/33      AC:  4    Str: 14    XL:     4   Next: 19%
Magic:  4/4        EV: 13    Int: 11    God:
Gold:   79         SH:  0    Dex: 14    Spells: 3/3 levels left

rFire    . . .     SeeInvis .   a - +0 war axe
rCold    . . .     Gourm    .   (no shield)
rNeg     . . .     Faith    .   b - +0 leather armour
rPois    .         Spirit   .   c - +0 helmet
rElec    .         Reflect  .   (no cloak)
rCorr    .         Harm     .   (no gloves)
MR       .....                  (no boots)
Stlth    +.........             (no amulet)
HPRegen  0.11/turn              (no ring)
MPRegen  0.09/turn              (no ring)

@: no status effects
A: claws 2
a: no special abilities


You were on level 2 of the Dungeon.
You were not hungry.

You visited 1 branch of the dungeon, and saw 3 of its levels.

You collected 79 gold pieces.

Inventory:

Hand Weapons
 a - a +0 war axe (weapon)
 e - a cursed -1 spear
 k - a +0 short sword
 p - a +0 hand axe of chopping
Missiles
 d - 3 throwing nets (quivered)
 h - 17 poisoned needles
 m - 38 stones
Armour
 b - a +0 leather armour (worn)
 c - a +0 helmet (worn)
Scrolls
 i - a scroll of amnesia
 j - 2 scrolls of identify
Potions
 g - a potion of might {unknown}
 l - a potion of magic
 q - a potion of berserk rage {unknown}
Comestibles
 f - 3 rations
 n - 5 chunks of flesh


   Skills:
 + Level 2.1 Fighting
 + Level 3.3 Axes
 + Level 1.9 Throwing
 * Level 1.3 Armour
 * Level 3.4 Dodging
 * Level 1.0 Stealth


You had 3 spell levels left.
You didn't know any spells.
Your spell library was empty.

Dungeon Overview and Level Annotations

Branches:
Dungeon (3/15)

Altars:


Innate Abilities, Weirdness & Mutations

You have very sharp fingernails.


Message History

The quokka closely misses you. The orc closely misses you.
You closely miss the orc.
The orc is heavily wounded.
You hit the quokka but do no damage. The quokka closely misses you.
The orc misses you.
The quokka bites you but does no damage.
You hit the orc but do no damage.
The orc is heavily wounded.
You hit the quokka. The orc hits you but does no damage.
The quokka closely misses you. The orc hits you with a +0 short sword.
* * * LOW HITPOINT WARNING * * *
You hit the orc.
The orc is severely wounded.
You miss the quokka. The quokka barely misses you.
The orc hits you but does no damage. The quokka misses you.
You closely miss the orc.
The orc is severely wounded.
You miss the quokka. The quokka closely misses you.
The orc hits you but does no damage. The quokka bites you.
You die...

#.# #.......... #.#
#.#....†..# #.#
#.##.....##
######.#
#.###.<....
.....#.##########.#
#######
#...........##.#
###.#######.##.#
#÷#######.##.#
#...r@o...##.#
#########....#####
#...........
#..######### ###
#######..# ..#
.........# #.#
[#######.# #. #.#
#.# #. #####.# #.#
##


You could see an orc and a quokka.

Vanquished Creatures
  3 adders (D:2)
  An ooze (D:1)
  A dart slug (D:1)
  2 leopard geckos (D:2)
  An orc (D:2)
  5 bats
  4 giant cockroaches
  7 goblins
  5 hobgoblins
  8 kobolds
  A ball python (D:3)
  A frilled lizard (D:1)
  5 rats
44 creatures vanquished.

Notes
Turn   | Place    | Note
-------+----------+-------------------------------------------
     0 | D:1      | Acheron the Demonspawn Gladiator began the quest for the
                  | Orb.
     0 | D:1      | Reached XP level 1. HP: 16/16 MP: 1/1
   171 | D:1      | Gained mutation: You have sharp fingernails. [demonic
                  | ancestry]
   171 | D:1      | Reached XP level 2. HP: 20/22 MP: 2/2
   325 | D:1      | Reached XP level 3. HP: 26/27 MP: 3/3
   986 | D:2      | Reached skill level 1 in Armour
  1125 | D:2      | Reached skill level 1 in Stealth
  1382 | D:2      | Gained mutation: You have very sharp fingernails. [demonic
                  | ancestry]
  1382 | D:2      | Reached XP level 4. HP: 30/33 MP: 4/4
  1608 | D:2      | HP: 1/33 [orc/+0 short sword (4)]
  1610 | D:2      | Slain by a quokka

Skill      XL: |  1  2  3 |
---------------+----------+-----
Dodging        | 3 |  3.4
Axes           | 3 |  3.3
Armour         | 1 |  1.3
Stealth        | 1 |  1.0
Fighting       | |  2.1
Throwing       | |  1.9

Action                   |  1- 3 |  4- 6 || total
-------------------------+-------+-------++-------
Melee: War axe           |   104 |    21 ||   125
  Use: Scroll            |     5 |       ||     5
       Potion            |     1 |       ||     1
 Stab: Sleeping          |     3 |     1 ||     4
  Eat: Chunk             |     2 |       ||     2
Armor: Leather armour    |    55 |    17 ||    72
Dodge: Dodged            |   104 |    44 ||   148
